| TOP OF THE 1ST |
|
Bowling Green Hot Rods batting - Pitching for Delmarva Shorebirds : LHP Luis Perez
|
|
Pitching: LHP Luis Perez
|
|
|
Batting: RHB James Huddleston
|
0-0: Called Strike 0-1: Swinging Strike 0-2: Strikes out swinging
|
|
Batting: RHB Alex Diaz
|
0-0: Called Strike 0-1: Ball 1-1: Fly out, F8 (Flyball, 8LXD, EV 101.9 MPH)
|
|
Batting: SHB Joey Pacheco
|
0-0: Ball 1-0: Foul Ball, location: 2F 1-1: Ball 2-1: Called Strike 2-2: Strikes out looking
|
| Top of the 1st over - 0 runs, 0 hits, 0 errors, 0 left on base; Bowling Green 0 - Delmarva 0 |
| BOTTOM OF THE 1ST |
|
Delmarva Shorebirds batting - Pitching for Bowling Green Hot Rods : LHP Frank Rodriguez
|
|
Pitching: LHP Frank Rodriguez
|
|
|
Batting: RHB Jeremy Sipe
|
0-0: Foul Ball, location: 2F 0-1: Bunt for hit to 2R - play at first, batter safe!
|
|
Batting: RHB Francisco Viera
|
0-0: Called Strike 0-1: Ball Jeremy Sipe is caught stealing 2nd base 2-4 1-1: Ball 2-1: Fly out, F9 (Flyball, 89M, EV 98.8 MPH)
|
|
Batting: SHB Brian Bentz
|
0-0: Called Strike 0-1: Ball 1-1: Ground out 6-3 (Groundball, 6, EV 91.2 MPH)
|
| Bottom of the 1st over - 0 runs, 1 hit, 0 errors, 0 left on base; Bowling Green 0 - Delmarva 0 |
| TOP OF THE 2ND |
|
Bowling Green Hot Rods batting - Pitching for Delmarva Shorebirds : LHP Luis Perez
|
|
Batting: RHB Antonio Pacheco
|
0-0: Called Strike 0-1: Ball 1-1: Ball 2-1: Swinging Strike 2-2: Fly out, F7 (Flyball, 7D, EV 88.1 MPH)
|
|
Batting: RHB Azedine Kirui
|
0-0: Ball 1-0: Swinging Strike 1-1: Ball 2-1: Fly out, F8 (Line Drive, 78D, EV 89.4 MPH)
|
|
Batting: LHB Rich Matthews
|
0-0: Foul Ball, location: 2F 0-1: Swinging Strike 0-2: Ball 1-2: Strikes out swinging
|
| Top of the 2nd over - 0 runs, 0 hits, 0 errors, 0 left on base; Bowling Green 0 - Delmarva 0 |
| BOTTOM OF THE 2ND |
|
Delmarva Shorebirds batting - Pitching for Bowling Green Hot Rods : LHP Frank Rodriguez
|
|
Batting: RHB Ray Sims
|
0-0: Called Strike 0-1: Ground out 4-3 (Groundball, 4, EV 101.9 MPH)
|
|
Batting: LHB Justin Moore
|
0-0: Called Strike 0-1: Foul Ball, location: 2F 0-2: Foul Ball, location: 2F 0-2: Ball 1-2: Foul Ball, location: 2F 1-2: Strikes out looking
|
|
Batting: RHB Antonio Gamez
|
0-0: Swinging Strike 0-1: Called Strike 0-2: Strikes out swinging
|
| Bottom of the 2nd over - 0 runs, 0 hits, 0 errors, 0 left on base; Bowling Green 0 - Delmarva 0 |
| TOP OF THE 3RD |
|
Bowling Green Hot Rods batting - Pitching for Delmarva Shorebirds : LHP Luis Perez
|
|
Batting: RHB John Downing
|
0-0: Ball 1-0: Called Strike 1-1: Ball 2-1: Fly out, F6 (Line Drive, 6D, EV 67.5 MPH)
|
|
Batting: LHB Sean Banks
|
0-0: Called Strike 0-1: Foul Ball, location: 2F 0-2: Foul Ball, location: 2F 0-2: Ball 1-2: Ball 2-2: Fly out, F9 (Flyball, 9S, EV 90.6 MPH)
|
|
Batting: LHB Dan Hunt
|
0-0: Called Strike 0-1: Foul Ball, location: 2F 0-2: Strikes out looking
|
| Top of the 3rd over - 0 runs, 0 hits, 0 errors, 0 left on base; Bowling Green 0 - Delmarva 0 |
| BOTTOM OF THE 3RD |
|
Delmarva Shorebirds batting - Pitching for Bowling Green Hot Rods : LHP Frank Rodriguez
|
|
Batting: LHB Eric Jackson
|
0-0: Foul Ball, location: 2F 0-1: Foul Ball, location: 2F 0-2: DOUBLE (Groundball, 3L, EV 94.4 MPH)
|
|
Batting: RHB Andy Bridger
|
0-0: Ground out 5-3 (Groundball, 56S, EV 69.4 MPH) Eric Jackson to third
|
|
Batting: RHB Lee Deason
|
0-0: Ball 1-0: Called Strike 1-1: Swinging Strike 1-2: Strikes out looking
|
|
Batting: RHB Jeremy Sipe
|
0-0: Swinging Strike 0-1: Ball 1-1: Swinging Strike 1-2: Foul Ball, location: 2F 1-2: Ball 2-2: Foul Ball, location: 2F 2-2: Ground out 6-3 (Groundball, 56, EV 81.2 MPH)
|
| Bottom of the 3rd over - 0 runs, 1 hit, 0 errors, 1 left on base; Bowling Green 0 - Delmarva 0 |
| TOP OF THE 4TH |
|
Bowling Green Hot Rods batting - Pitching for Delmarva Shorebirds : LHP Luis Perez
|
|
Batting: RHB James Huddleston
|
0-0: Ground out 6-3 (Groundball, 6, EV 101.9 MPH)
|
|
Batting: RHB Alex Diaz
|
0-0: Swinging Strike 0-1: Ball 1-1: Ball 2-1: Called Strike 2-2: Ball 3-2: Fly out, F9 (Flyball, 9, EV 93.1 MPH)
|
|
Batting: SHB Joey Pacheco
|
0-0: Swinging Strike 0-1: Called Strike 0-2: Ball 1-2: Ball 2-2: Strikes out swinging
|
| Top of the 4th over - 0 runs, 0 hits, 0 errors, 0 left on base; Bowling Green 0 - Delmarva 0 |
| BOTTOM OF THE 4TH |
|
Delmarva Shorebirds batting - Pitching for Bowling Green Hot Rods : LHP Frank Rodriguez
|
|
Batting: RHB Francisco Viera
|
0-0: Swinging Strike 0-1: Ball 1-1: Foul Ball, location: 2F 1-2: Ball 2-2: Ball 3-2: Foul Ball, location: 2F 3-2: SINGLE (Groundball, 4MD, EV 108.8 MPH)
|
|
Batting: SHB Brian Bentz
|
0-0: Called Strike 0-1: Foul Ball, location: 2F 0-2: Strikes out swinging
|
|
Batting: RHB Ray Sims
|
0-0: Called Strike 0-1: Ball 1-1: Ball Wild Pitch! Francisco Viera to second 2-1: Ball 3-1: Base on Balls
|
|
Batting: LHB Justin Moore
|
0-0: Called Strike 0-1: Called Strike 0-2: Ball 1-2: Strikes out swinging
|
|
Batting: RHB Antonio Gamez
|
0-0: Ball 1-0: Foul Ball, location: 2F 1-1: Ball 2-1: Fielders Choice at 2nd, 6-4 (Groundball, 6, EV 86.9 MPH)
|
| Bottom of the 4th over - 0 runs, 1 hit, 0 errors, 2 left on base; Bowling Green 0 - Delmarva 0 |
| TOP OF THE 5TH |
|
Bowling Green Hot Rods batting - Pitching for Delmarva Shorebirds : LHP Luis Perez
|
|
Batting: RHB Antonio Pacheco
|
0-0: Called Strike 0-1: Ball 1-1: Foul Ball, location: 2F 1-2: Fly out, F9 (Flyball, 9D, EV 84.4 MPH)
|
|
Batting: RHB Azedine Kirui
|
0-0: Ball 1-0: Called Strike 1-1: Called Strike 1-2: SINGLE (Line Drive, 9LS, EV 89.4 MPH)
|
|
Batting: LHB Rich Matthews
|
0-0: Called Strike 0-1: Foul Ball, location: 2F 0-2: Ball 1-2: Strikes out swinging
|
|
Batting: RHB John Downing
|
0-0: Swinging Strike 0-1: Ball 1-1: Foul Ball, location: 2F 1-2: Ball 2-2: Strikes out swinging
|
| Top of the 5th over - 0 runs, 1 hit, 0 errors, 1 left on base; Bowling Green 0 - Delmarva 0 |
| BOTTOM OF THE 5TH |
|
Delmarva Shorebirds batting - Pitching for Bowling Green Hot Rods : LHP Frank Rodriguez
|
|
Batting: LHB Eric Jackson
|
0-0: TRIPLE (Line Drive, 89XD, EV 108.8 MPH)
|
|
Batting: RHB Andy Bridger
|
0-0: Ball 1-0: Called Strike 1-1: Swinging Strike 1-2: Strikes out swinging
|
|
Batting: RHB Lee Deason
|
0-0: Called Strike 0-1: Ball 1-1: Swinging Strike 1-2: Ball 2-2: Strikes out looking
|
|
Batting: RHB Jeremy Sipe
|
0-0: Ball 1-0: Foul Ball, location: 2F 1-1: Called Strike 1-2: SINGLE (Line Drive, 6MD, EV 96.9 MPH) Eric Jackson scores
|
|
Batting: RHB Francisco Viera
|
0-0: Swinging Strike 0-1: Ball 1-1: Ball 2-1: Ball 3-1: Swinging Strike 3-2: SINGLE (Groundball, 6MD, EV 103.8 MPH) Jeremy Sipe to second Jeremy Sipe to third
|
|
Batting: SHB Brian Bentz
|
0-0: Ball 1-0: Foul Ball, location: 2F 1-1: Ball 2-1: Fly out, F8 (Flyball, 8LD, EV 85.6 MPH)
|
| Bottom of the 5th over - 1 run, 3 hits, 0 errors, 2 left on base; Bowling Green 0 - Delmarva 1 |
| TOP OF THE 6TH |
|
Bowling Green Hot Rods batting - Pitching for Delmarva Shorebirds : LHP Luis Perez
|
|
Batting: LHB Sean Banks
|
0-0: Foul Ball, location: 2F 0-1: Called Strike 0-2: Ground out 4-3 (Groundball, 4, EV 102.5 MPH)
|
|
Batting: LHB Dan Hunt
|
0-0: Ball 1-0: Called Strike 1-1: Called Strike 1-2: Ball 2-2: SINGLE (Groundball, 6D, EV 103.8 MPH)
|
|
Batting: RHB James Huddleston
|
0-0: Foul Ball, location: 2F 0-1: Foul Ball, location: 2F 0-2: Ball 1-2: Fly out, F8 (Flyball, 78M, EV 94.4 MPH)
|
|
Batting: RHB Alex Diaz
|
0-0: Ball 1-0: Ball Dan Hunt steals 2nd base 2-0: Called Strike 2-1: Called Strike 2-2: Foul Ball, location: 2F 2-2: Foul Ball, location: 2F 2-2: Foul Ball, location: 2F 2-2: Ball 3-2: SINGLE (Groundball, 56D, EV 96.9 MPH) Dan Hunt to third Runner from 3rd tries for Home, SAFE, throw by LF to home
|
|
Batting: SHB Joey Pacheco
|
0-0: Ball 1-0: Ball 2-0: Called Strike 2-1: Foul Ball, location: 2F 2-2: Strikes out looking
|
| Top of the 6th over - 1 run, 2 hits, 0 errors, 1 left on base; Bowling Green 1 - Delmarva 1 |
| BOTTOM OF THE 6TH |
|
Delmarva Shorebirds batting - Pitching for Bowling Green Hot Rods : LHP Frank Rodriguez
|
|
Batting: RHB Ray Sims
|
0-0: Called Strike 0-1: Ball 1-1: Called Strike 1-2: Ball 2-2: Strikes out swinging
|
|
Batting: LHB Justin Moore
|
0-0: Ball 1-0: Ball 2-0: Ball 3-0: Called Strike 3-1: Called Strike 3-2: Foul Ball, location: 2F 3-2: Foul Ball, location: 2F 3-2: Ground out 4-3 (Groundball, 4, EV 82.5 MPH)
|
|
Batting: RHB Antonio Gamez
|
0-0: Swinging Strike 0-1: Called Strike 0-2: Ball 1-2: Ground out 5-3 (Groundball, 56S, EV 91.9 MPH)
|
| Bottom of the 6th over - 0 runs, 0 hits, 0 errors, 0 left on base; Bowling Green 1 - Delmarva 1 |
| TOP OF THE 7TH |
|
Bowling Green Hot Rods batting - Pitching for Delmarva Shorebirds : LHP Luis Perez
|
|
Batting: RHB Antonio Pacheco
|
0-0: Ball 1-0: Called Strike 1-1: SINGLE (Line Drive, 89M, EV 88.1 MPH)
|
|
Batting: RHB Azedine Kirui
|
0-0: Ball 1-0: Ball 2-0: Foul Ball, location: 2F 2-1: Called Strike 2-2: Foul Ball, location: 2F 2-2: Foul Ball, location: 2F 2-2: Grounds into double play, 4-6-3 (Groundball, 4, EV 85.0 MPH)
|
|
Pitching: LHP John Dyer
|
|
|
Batting: LHB Rich Matthews
|
0-0: Ball 1-0: Called Strike 1-1: Ball 2-1: Ball 3-1: Ground out 6-3 (Groundball, 4M, EV 81.2 MPH)
|
| Top of the 7th over - 0 runs, 1 hit, 0 errors, 0 left on base; Bowling Green 1 - Delmarva 1 |
| BOTTOM OF THE 7TH |
|
Delmarva Shorebirds batting - Pitching for Bowling Green Hot Rods : LHP Frank Rodriguez
|
|
Batting: LHB Eric Jackson
|
0-0: Foul Ball, location: 2F 0-1: Foul Ball, location: 2F 0-2: Ball 1-2: Strikes out looking
|
|
Batting: RHB Andy Bridger
|
0-0: Foul Ball, location: 2F 0-1: Ball 1-1: Foul Ball, location: 2F 1-2: Strikes out looking
|
|
Batting: RHB Lee Deason
|
0-0: Ball 1-0: Called Strike 1-1: Foul Ball, location: 2F 1-2: Strikes out swinging
|
| Bottom of the 7th over - 0 runs, 0 hits, 0 errors, 0 left on base; Bowling Green 1 - Delmarva 1 |
| TOP OF THE 8TH |
|
Bowling Green Hot Rods batting - Pitching for Delmarva Shorebirds : LHP John Dyer
|
|
Batting: RHB John Downing
|
0-0: Called Strike 0-1: Foul Ball, location: 2F 0-2: Ball 1-2: Strikes out swinging
|
|
Pinch Hitting: RHB Bazyli Andrysiak
|
0-0: Called Strike 0-1: Hit by Pitch
|
|
Pinch Hitting: RHB Eric Waugaman
|
0-0: Foul Ball, location: 2F 0-1: Bunted foul 0-2: Ball 1-2: Ball 2-2: Ground out 5-3 (Groundball, 56S, EV 91.2 MPH) Bazyli Andrysiak to second
|
|
Batting: RHB James Huddleston
|
0-0: Swinging Strike 0-1: Ball 1-1: Foul Ball, location: 2F 1-2: Ball 2-2: DOUBLE (Groundball, 5L, EV 110.0 MPH) Bazyli Andrysiak scores
|
|
Batting: RHB Alex Diaz
|
0-0: Ball 1-0: Ball 2-0: Called Strike 2-1: Foul Ball, location: 2F 2-2: Foul Ball, location: 2F 2-2: Ball 3-2: Foul Ball, location: 2F 3-2: Strikes out swinging
|
| Top of the 8th over - 1 run, 1 hit, 0 errors, 1 left on base; Bowling Green 2 - Delmarva 1 |
| BOTTOM OF THE 8TH |
|
Delmarva Shorebirds batting - Pitching for Bowling Green Hot Rods : LHP Frank Rodriguez
|
|
Pitching: RHP David Espinosa
|
|
|
Now at 1B: Mark Richert
|
|
|
Now at 2B: Joey Pacheco
|
|
|
Now at 3B: Eric Waugaman
|
|
|
Now in CF: Antonio Pacheco
|
|
|
Now in RF: Brian Hollinger
|
|
|
Batting: RHB Jeremy Sipe
|
0-0: Called Strike 0-1: Swinging Strike 0-2: Ball 1-2: Strikes out looking
|
|
Batting: RHB Francisco Viera
|
0-0: Ball 1-0: Foul Ball, location: 2F 1-1: Ball 2-1: Ball 3-1: Called Strike 3-2: Foul Ball, location: 2F 3-2: SINGLE (Groundball, 34S, EV 66.2 MPH) (infield hit)
|
|
Batting: SHB Brian Bentz
|
0-0: Swinging Strike 0-1: Ball 1-1: Ball 2-1: Ball 3-1: Foul Ball, location: 2F 3-2: Foul Ball, location: 2F 3-2: Fly out, F4 (Popup, 34D, EV 36.2 MPH)
|
|
Batting: RHB Ray Sims
|
0-0: Called Strike 0-1: Ground out 5-3 (Groundball, 5S, EV 71.2 MPH)
|
| Bottom of the 8th over - 0 runs, 1 hit, 0 errors, 1 left on base; Bowling Green 2 - Delmarva 1 |
| TOP OF THE 9TH |
|
Bowling Green Hot Rods batting - Pitching for Delmarva Shorebirds : LHP John Dyer
|
|
Pitching: RHP Chris Kimura
|
|
|
Batting: SHB Joey Pacheco
|
0-0: Called Strike 0-1: SINGLE (Groundball, 6D, EV 94.4 MPH)
|
|
Batting: RHB Antonio Pacheco
|
0-0: Called Strike 0-1: Foul Ball, location: 2F 0-2: Strikes out swinging
|
|
Batting: RHB Azedine Kirui
|
0-0: Called Strike 0-1: Ball Joey Pacheco is caught stealing 2nd base 2-4 1-1: Ball 2-1: Foul Ball, location: 2F 2-2: Foul Ball, location: 2F 2-2: Foul Ball, location: 2F 2-2: Foul Ball, location: 2F 2-2: Ball 3-2: Foul Ball, location: 2F 3-2: Ground out 6-3 (Groundball, 6D, EV 111.9 MPH)
|
| Top of the 9th over - 0 runs, 1 hit, 0 errors, 0 left on base; Bowling Green 2 - Delmarva 1 |
| BOTTOM OF THE 9TH |
|
Delmarva Shorebirds batting - Pitching for Bowling Green Hot Rods : RHP David Espinosa
|
|
Pitching: RHP Andres Morales
|
|
|
Now in LF: Jesse Haddad
|
|
|
Batting: LHB Justin Moore
|
0-0: Ball 1-0: Foul Ball, location: 2F 1-1: Called Strike 1-2: Foul Ball, location: 2F 1-2: Fly out, F8 (Flyball, 78M, EV 90.6 MPH)
|
|
Pinch Hitting: SHB Jorge Brito
|
0-0: Ball 1-0: SINGLE (Flyball, 3D, EV 90.6 MPH)
|
|
Batting: LHB Eric Jackson
|
0-0: Ball 1-0: Fly out, F7 (Flyball, 7LD, EV 100.6 MPH)
|
|
Pinch Hitting: RHB Steve Jones
|
0-0: Called Strike 0-1: Ground out 4-3 (Groundball, 34, EV 85.6 MPH)
|
| Bottom of the 9th over - 0 runs, 1 hit, 0 errors, 1 left on base; Bowling Green 2 - Delmarva 1 |
|